Cogmind - Beta 15 @@@ ROGUE MODE // 2025.06.11 @ 01:01:49 Player: WILEY2049 Result: Destroyed by G-34 Mercenary with Small Laser Performance ------------- Evolutions (0) 0 Regions Visited (1) 200 Robots Destroyed (2) 10 Value Destroyed (78) 78 Prototype IDs (0) 0 Alien Tech Used (0) 0 Bonus (0) 0 TOTAL SCORE: 288 Bonus ------- None Cogmind --------- Core Integrity 0/250 Matter 269/300 Energy 100/100 System Corruption 0% Temperature Cool (6) Movement Core (350) Ox6 Location -10/Materials Parts ------- > --- POWER (1) -------- (None) > --- PROPULSION (2) --- (None) > --- UTILITY (2) ------ Large Storage Unit > --- WEAPON (2) ------- (None) > --- INVENTORY (15) --- Large Storage Unit Peak State ------------ > --- POWER ------------ Light Ion Engine > --- PROPULSION ------- Wheel Wheel > --- UTILITY ---------- Large Storage Unit Signal Interpreter > --- WEAPON ----------- EM Pulse Gun Assault Rifle > --- INVENTORY -------- Large Storage Unit Small Laser [Rating: 7] Favorites ----------- Power Light Ion Engine Engine Light Ion Engine Propulsion Wheel Wheel Wheel Utility Large Storage Unit Storage Large Storage Unit Processor Signal Interpreter Weapon Assault Rifle Energy Gun EM Pulse Gun Ballistic Gun Assault Rifle Launcher Grenade Launcher Special Melee Weapon Datajack Build | -11 -10 ------- Run | Yrd Mat Slots Evolved . | . . Power . | . . Propulsion . | . . Utility . | . . Weapon . | . . Parts Attached 10 | 5 5 Power 2 | 1 1 Engine 2 | 1 1 Core . | . . Reactor . | . . Propulsion 2 | 2 . Treads . | . . Leg . | . . Wheel 2 | 2 . Hover . | . . Flight . | . . Utility 2 | . 2 Device . | . . Storage 1 | . 1 Processor 1 | . 1 Hackware . | . . Protection . | . . Artifact . | . . Weapon 4 | 2 2 Energy Gun 1 | 1 . Energy Cannon . | . . Ballistic Gun 1 | 1 . Ballistic Cannon . | . . Launcher 1 | . 1 Special Weapon . | . . Impact Weapon . | . . Slashing Weapon . | . . Piercing Weapon . | . . Special Melee Weapon 1 | . 1 Unidentified Prototypes . | . . Parts Lost 5 | . 5 Power 1 | . 1 Propulsion 2 | . 2 Utility . | . . Weapon 2 | . 2 Highest Loss Streak 5 | . 5 To Critical Strikes . | . . Average Backups 1 | . 1 Power . | . . Propulsion . | . . Utility . | . . Weapon . | . . Tool/Special . | . . Unused Backups 4 | . 4 Power . | . . Propulsion 1 | . 1 Utility 2 | . 2 Weapon 1 | . 1 Tool/Special . | . . Average Slot Usage (%) 86 | . 86 Engine 13 | . 13 Wheel 26 | . 26 Storage 11 | . 11 Processor 8 | . 8 Energy Gun 7 | . 7 Ballistic Gun 9 | . 9 Launcher 4 | . 4 Special Melee Weapon 4 | . 4 Peak Build Rating 7 | 5 7 Average Rating 4 | 1 6 On Entrance 2 | . 5 Naked Turns . | . . Heaviest Build 30 | 7 30 Greatest Support 20 | 20 20 Greatest Overweight (x) 6 | . 6 Average Overweight (x) . | . . Largest Inventory Capacity 15 | 5 15 Average Capacity 9 | 5 13 Most Carried 4 | 3 4 Average Carried 1 | . 2 Final Capacity 15 | 5 15 Final Carried 1 | 1 1 Class Distribution -------------------- 100% | Mutant Dominant Class ---------------- Mutant | -10/Materials Resources | -11 -10 ----------- Run | Yrd Mat Matter Collected 313 | 271 42 Remotely . | . . Salvage Created 100 | 50 50 Parts 4 | 2 2 Haulers Intercepted . | . . Recyclers Shooed . | . . Parts Field Recycled . | . . Retrieved Matter . | . . Parts Self-Destructed . | . . Prevented . | . . Kills | -11 -10 ------- Run | Yrd Mat Combat Hostiles Destroyed 2 | 1 1 Guns 2 | 1 1 Classes Destroyed 1 | 1 . Grunt 2 | 1 1 Best Kill Streak 1 | 1 1 Combat Bots Only 1 | 1 1 Max Kills in Single Turn 1 | 1 1 Gunslinging . | . . Exploded . | . . Melee . | . . Uniques/NPCs Destroyed . | . . Combat | -11 -10 -------- Run | Yrd Mat Hostile Shots Fired 56 | 11 45 Missed 14 | 4 10 Hits 42 | 7 35 Projectile 42 | 7 35 Critical Strikes 1 | . 1 Damage Taken 620 | 77 543 Core 254 | 43 211 Absorbed by Shields . | . . Core Remaining (%) 82 | 82 . Volleys Fired 16 | 7 9 Largest 2 | 2 2 Hottest 60 | 60 60 Shots Fired 29 | 14 15 Gun 26 | 14 12 Cannon . | . . Launcher 3 | . 3 Special . | . . Kinetic 13 | 7 6 Thermal . | . . Explosive 3 | . 3 Electromagnetic 13 | 7 6 Robot Hit Streak 11 | 11 4 Robot Miss Streak 4 | 1 4 Penetration Max . | . . Secondary Targets . | . . Shots Hit Robots 23 | 12 11 Core Hits 5 | 2 3 Critical Kills . | . . Critical Parts Destroyed . | . . Critical Strikes . | . . Melee Attacks 3 | . 3 Impact . | . . Slashing . | . . Piercing . | . . Sneak Attacks . | . . Combat Hostiles . | . . Follow-up Attacks . | . . Damage Inflicted 356 | 146 210 Guns 212 | 146 66 Cannons . | . . Explosions 144 | . 144 Melee . | . . Ramming . | . . Kinetic 82 | 56 26 Thermal . | . . Explosive 144 | . 144 Electromagnetic 130 | 90 40 Impact . | . . Slashing . | . . Piercing . | . . Highest Corruption . | . . Average Corruption . | . . Corruption Purged . | . . Corruption Blocked . | . . Overload Shots . | . . Overflow Damage 9 | . 9 Projectiles . | . . Explosions 9 | . 9 Melee . | . . Knockbacks . | . . Impact . | . . Kinetic . | . . Secondary . | . . Self-Inflicted Damage 110 | . 110 Shots 3 | . 3 Rammed . | . . Targets Rammed . | . . Kicked . | . . Crushed . | . . Highest Temperature 30 | 30 30 Average Temperature 15 | 17 14 Received Heat Transfer 303 | 42 261 Siege Activations . | . . Martial Activations . | . . Shielding Activations . | . . Robots Disrupted . | . . Combat Hostiles . | . . Robots Corrupted . | . . Combat Hostiles . | . . Parts Fried . | . . Impact Corruptions . | . . Robots Melted . | . . Combat Hostiles . | . . Parts Melted . | . . Heat Transferred . | . . Parts Sabotaged . | . . Parts Stolen . | . . Parts Stripped . | . . Power Chain Reactions . | . . Alert | -11 -10 ------- Run | Yrd Mat Maximum Alert Level . | . . Low Security (%) 100 | 100 100 Level 1 . | . . Level 2 . | . . Level 3 . | . . Level 4 . | . . Level 5 . | . . High Security . | . . Max Security . | . . Peak Influence 23 | 20 23 Initial 13 | . 13 Average 1 | . 2 Influence Increases 71 | 20 51 Destroy 0b10 Robot/C 40 | 20 20 Successful Hack 7 | . 7 Disable Machine 15 | . 15 Destroy Structure 9 | . 9 Influence Decreases 71 | . 71 Entered New Map 7 | . 7 Time Decay 51 | . 51 Lost Part 13 | . 13 Squads Dispatched 2 | . 2 Investigation 1 | . 1 Extermination . | . . Reinforcement 1 | . 1 Assault . | . . Garrison . | . . Intercept . | . . Searches Triggered . | . . Construction Impeded . | . . Haulers Reinforced . | . . Active Scanning Responses . | . . Cargo Convoy Interrupts . | . . Stealth | -11 -10 --------- Run | Yrd Mat Distress Signals 1 | . 1 Communications Jammed . | . . Distress Signals . | . . Times Spotted 10 | 1 9 Peak Tracking Total 3 | 1 3 Tactical Retreats . | . . Traps | -11 -10 ------- Run | Yrd Mat Traps Triggered . | . . Indirectly . | . . Trap Hack Attempts . | . . Triggered . | . . Disarmed . | . . Reprogrammed . | . . Reused . | . . Traps Extracted . | . . Installed . | . . Triggered . | . . Machines | -11 -10 ---------- Run | Yrd Mat Machines Disabled 1 | . 1 Max in Single Turn 1 | . 1 Machines Repaired . | . . Machines Dismantled . | . . Machines Sabotaged . | . . Overloaded Fab Kills . | . . Hacking | -11 -10 --------- Run | Yrd Mat Machines Accessed 2 | . 2 Terminals 1 | . 1 Fabricators . | . . Repair Stations . | . . Recycling Units 1 | . 1 Scanalyzers . | . . Garrison Access . | . . Total Hacks 8 | . 8 Successful 4 | . 4 Failed 4 | . 4 Catastrophic 2 | . 2 Database Lockouts . | . . Manual . | . . Terminals 4 | . 4 Fabricators . | . . Repair Stations . | . . Recycling Units 4 | . 4 Scanalyzers . | . . Garrison Access . | . . Terminal Hacks 1 | . 1 Security Status 1 | . 1 Fabricator Hacks . | . . Repair Station Hacks . | . . Recycling Unit Hacks 3 | . 3 Recycle Component 3 | . 3 Scanalyzer . | . . Garrison Access Hacks . | . . Unauthorized Hacks . | . . Terminals . | . . Fabricators . | . . Repair Stations . | . . Recycling Units . | . . Scanalyzers . | . . Garrison Access . | . . Data Cores Recovered . | . . Used . | . . Hacking Detections 2 | . 2 Full Trace Events 2 | . 2 Feedback Events . | . . Feedback Blocked . | . . Robot Schematics Acquired . | . . Robots Built . | . . Authchips . | . . Time . | . . Total Robot Build Rating . | . . Part Schematics Acquired . | . . Parts Built . | . . Authchips . | . . Time . | . . Total Part Build Rating . | . . Parts Repaired . | . . Time . | . . Parts Recycled 3 | . 3 Recycled Matter . | . . Retrieved Matter . | . . Retrieved Components . | . . Parts Scanalyzed . | . . Part Schematics Acquired . | . . Parts Damaged . | . . Bothacking | -11 -10 ------------ Run | Yrd Mat Used RIF Installer . | . . Robots Hacked 1 | . 1 Non-combat . | . . Combat 1 | . 1 Robot Hacks Applied 2 | . 2 parse_system 2 | . 2 Relay Couplers Released . | . . Fabnet Peak Effective % . | . . Robots Rewired . | . . Allies Hacked . | . . Hacks Repelled . | . . Allies | -11 -10 -------- Run | Yrd Mat Total Allies . | . . Largest Group . | . . Highest-Rated Group . | . . Highest-Rated Ally . | . . Total Orders . | . . Ally Attacks . | . . Total Damage . | . . Kills . | . . Allies Corrupted . | . . Allies Melted . | . . Intel | -11 -10 ------- Run | Yrd Mat Active Infowar (turns) . | . . Robot Analysis Total . | . . Derelict Logs Recovered . | . . Drone Launches . | . . Drone Recoveries . | . . Exploration | -11 -10 ------------- Run | Yrd Mat Turns Passed 552 | 251 301 Spaces Moved 317 | 67 250 Core 24 | 19 5 Treads . | . . Legs . | . . Wheels 293 | 48 245 Hover . | . . Flight . | . . Fastest Speed 50 | 50 80 Average Speed 92 | 71 97 Slowest Speed 350 | 80 350 Overloaded Moves . | . . Propulsion Burnouts . | . . Robots Hopped . | . . Potential Cave-ins . | . . Cave-ins Triggered . | . . Exploration Rate (%) 21 | 7 35 Regions Visited 1 Branch Regions . Pre-discovered Areas . | . . Known Exits Taken . | . . Unknown Exits Taken 1 | 1 . Scrap Searched . | . . Spaces Dug . | . . Terrain Destroyed 7 | . 7 Melee . | . . Projectile . | . . AOE 7 | . 7 Terrain Rammed . | . . Walls Destroyed . | . . Machines Disabled . | . . Actions | -11 -10 --------- Run | Yrd Mat Total 548 | 255 293 Wait 184 | 171 13 Move 316 | 66 250 Hop . | . . Pick Up 14 | 6 8 Fast Attach . | . . Attach 9 | 5 4 Detach 2 | . 2 Swap 1 | . 1 Drop 3 | . 3 Fire 16 | 7 9 Melee 3 | . 3 Ram . | . . Kick . | . . Crush . | . . Escape Stasis . | . . Rewire . | . . Trap . | . . Miscellaneous . | . . Route ------- -11/Scrapyard -10/Materials (discovered 1 exit: [*Mat]) History --------- Turn | Location | Event 2 | -11/Scrapyard | Met Revision 17 219 | -11/Scrapyard | Discovered new exit (range 8) 252 | -11/Scrapyard | Entered Materials 313 | -10/Materials | Build established: Mutant 395 | -10/Materials | Discovered new exit (range 9) 539 | -10/Materials | Core integrity fell below 50% 546 | -10/Materials | Core integrity fell below 20% 553 | -10/Materials | Destroyed by G-34 Mercenary with Small Laser Last Messages --------------- it now. Jacked G-47 Trooper... Right-click on available options for more info. Keyboard players can use Shift-a~z. >>parse_system Reading system data... Hadron Collector disabled. Grenade Launcher destroyed. Destroyed Grenade Launcher. Jacked G-47 Trooper... >>parse_system Reading system data... Jacked G-47 Trooper... Wheel destroyed. Critical hit (Burn: +37). Ion Engine destroyed. Wheel destroyed. Datajack destroyed. O-16 Technician: "IFF HANDSHAKE FAILED. SECURING TERMINAL." Map ----- +----------------------------------------------------+ | | | | | | | | | | | | | | | | | | | | | | | | | ?????????????????????????????????????????????? | | ??????????????????????????????####???????????? | | ?????????????????????????????? ???????????? | | ??????????????????????????????"" ??????????? | | ????????????????????####??????""" ?????????? | | ????????????????????# ""??????""" ?####????? | | ????????????????????# "T?????"""" # #????? | | ????????????????????? ?????""" # #????? | | ????????????????????? ??# / #????? | | ?????????????????????? ??# ! # #????? | | ??????????????????????? ??######???## ##???? | | ?????????????????????###o############ #???? | | ?????????????????????# g #???? | | ?????????????????????# @ g gt T #???? | | ?????????????????????# #### ## #???? | | ?????????????????????#????# ## ##???? | | ??????????????????????????## " ## #????? | | ???????????????????????????# ## ###### | | ???????????????????????????# ## # # | | ???????????????????????????# " ## # ""# | | ???????????????????????????# ## # Y"# | | ??????????????????????? ##?# ## # ""# | | ?????????????????????? ?# ## + # | | ?????????????????????? ## ## # ** # | | ?????????????????????? ############ # * # | | ??????????????????????# ## #?# # # | | ??????????????????????# ## """#?# # ! # | | ??????????????????????# ## R"#?# ###### | | ??????????????????????# ## """#?# #????? | | ??????????????????????# ## #?# #????? | | ??????????????????????# ## ###+######? | | ??????????????????????# ## # #? | | ??????????????????????# ## """ + #? | | ????????????########### ## """ # #? | | ????????????# ## ## """ # """ #? | | ????????????# " ## ## # """"" #? | | ????????????# T # ###+##### """"" #? | | ????????????# " # ## """"" #? | +----------------------------------------------------+ Best States ------------- Heat Dissipation 25 Energy Generation 10 Energy Capacity 250 Matter Stores 300 Matter Capacity 300 Sight Range 16 Terrain Scan Density 10 Evasion (%) 50 Item Schematics ----------------- None Robot Schematics ------------------ None Fabricated ------------ Nothing Repaired ---------- Nothing Alien Tech Used ----------------- None Achievements -------------- Crack Shot One Hack Too Far Challenges ------------ None Game ------ Seed AngularScrapSystem Manual? 0 Play Time 00:13:48 Cumulative 0.5 hours Start 2025.06.11 @ 00:50:15 End 2025.06.11 @ 01:01:49 Sessions 1 Manual Loads 0 Difficulty Rogue Special Mode None Game No. 2 Rogue 2 Adventurer 0 Explorer 0 Win Type - Total 0 Types 0/0/0/0/0/0/0/0/0/0 Lore% 0 Gallery% 1 Achievement% 2 Wizard Run 0 Options --------- Layout 1 ASCII 0 Keyboard 0 Movement Numpad Keybinds 0 Fullscreen 1 Font 16/X11Caps Map View 25x20 Zoom Use 70% Tactical HUD 0 Map Filters NONE Filters NONE Steam SD RUN: 2d26a96f-b42b-4a28-8862-e671be3dcfe7